 Dungeon Crawl Stone Soup version 0.29.1-12-g30fa7ad0bf (webtiles) character file.

Game seed: 7355933152021033688

81 hawla the Firebug (level 5, -1/57 HPs)
             Began as a Meteoran Fire Elementalist on Dec 28, 2022.
             Slain by an iguana (6 damage)
             ... in the Ecumenical Temple.
             The game lasted 00:03:15 (577 turns).

hawla the Firebug (Meteoran Fire Elementalist)       Turns: 577, Time: 00:03:16

Health: -1/57      AC: 22    Str:  9    XL:     5   Next: 0%
Magic:  6/12       EV:  2    Int: 18    God:
Gold:   65         SH:  0    Dex: 15    Spells: 5/12 levels left

rFire   . . .      SeeInvis .   (no weapon)
rCold   . . .      Faith    .   (no shield)
rNeg    . . .      Spirit   .   (body armour currently unavailable)
rPois   +          Reflect  .   (helmet currently unavailable)
rElec   .          Harm     .   (cloak currently unavailable)
rCorr   .          Rampage  .   (gloves currently unavailable)
Will    .....      NoTele   +   (boots currently unavailable)
Stlth   +.........              (no amulet)
HPRegen 0.19/turn               (no ring)
MPRegen 0.13/turn               (no ring)

@: tree-form, glowing
A: stationary, stasis, torment immunity, boosted hp, sense surroundings 1,
otherworldly, glowing, explore regen
a: no special abilities


You were in the Ecumenical Temple.
You were a tree.
You visited 2 branches of the dungeon, and saw 5 of its levels.

You collected 65 gold pieces.

Inventory:

Armour
 a - a +0 robe (melded)
Potions
 b - a potion of magic
 e - 2 potions of curing
 f - a potion of haste {unknown}


   Skills:
 - Level 3.0 Dodging
 - Level 1.4 Stealth
 - Level 4.0 Spellcasting
 + Level 1.6 Conjurations
 - Level 4.8 Fire Magic


You had 5 spell levels left.
You knew the following spells:

 Your Spells              Type           Power      Damage    Failure   Level
a - Foxfire               Conj/Fire      60%        2x1d7     3%          1
b - Scorch                Fire           42%        2d7       3%          2
c - Flame Wave            Conj/Fire      15%        2d7       36%         4

Your spell library contained the following spells:

 Spells                   Type           Power      Damage    Failure   Level
 Conjure Flame            Conj/Fire      15%        6-21      12%         3
 Necrotise                Necr           12%        1d4       14%         1
 Inner Flame              Hex/Fire       12%        N/A       16%         3
 Vampiric Draining        Necr           3%         2d6       41%         3
 Agony                    Necr           3%         N/A       99%         5


Dungeon Overview and Level Annotations

Branches:
Dungeon (4/15) Zot: 1974   Temple (1/1) D:4 Zot: 446

Altars:
Ashenzari
Cheibriados
Dithmenos
Fedhas
Kikubaaqudgha
Okawaru
Qazlal
Sif Muna
Trog
Wu Jian
Xom
Yredelemnul
The Shining One


Innate Abilities, Weirdness & Mutations

You are a tree.
Your roots penetrate the ground, keeping you stationary.
You cannot be teleported.
You are immune to unholy pain and torment.
Your maximum health is greatly increased.
Your equipment is partially melded.
You passively map a small area around you.
You are easily found by Zot.
You glow in the dark.
You regain HP and MP as you explore.


Message History

The scorpion stings you but does no damage.
The iguana bites you.
Unknown command.
Casting: Scorch (safe; 3% risk of failure)
Confirm with . or Enter, or press ? or * to list all spells.
Flames lash the iguana.
The iguana is moderately wounded.
The iguana's fire resistance burns away.
The scorpion stings you. The scorpion stings you! The iguana misses you.
Unknown command.
Casting: Scorch (safe; 3% risk of failure)
Confirm with . or Enter, or press ? or * to list all spells.
You conjure some foxfire!
The scorpion closely misses you.
The iguana bites you but does no damage.
The foxfire hits the iguana but does no damage.
The iguana is moderately wounded.
The foxfire hits the iguana.
The iguana is burned terribly!
The iguana is heavily wounded.
The scorpion stings you.
You are poisoned.
The scorpion poisons you!
The iguana bites you but does no damage.
You feel sick. The scorpion stings you.
* * * LOW HITPOINT WARNING * * *
The iguana misses you.
You climb downwards.
Welcome back to the Ecumenical Temple!
* * * LOW HITPOINT WARNING * * *
You feel sick.
There is a staircase back to the Dungeon here.
It was a potion of curing.
You feel better.
The iguana is no longer more vulnerable to fire.
The scorpion is no longer more vulnerable to fire.
The scorpion barely misses you. The iguana bites you.
* * * LOW HITPOINT WARNING * * *
Really quaff the potion of lignification?
You turn into a tree.
Your +0 robe melds into your body.
Your roots penetrate the ground.
The scorpion stings you but does no damage.
The iguana bites you.
You die...

#._.#...#._.#
#...#...#...#
#####...#####
#...+...+...#
#._.#...#._.#
#...#...#...#
######'######
#.......#...#
#.♣.....+._.#
#ls.....#...#
######'######
#...#...#...#
#._.#...#._.#
#...+...+...#
#####...#####
#...#...#...#
#._.#...#._.#


You could see a scorpion and an iguana.

Vanquished Creatures
  A scorpion (Temple)
  A gnoll (D:1)
  2 bats (D:3)
  2 endoplasms (D:2)
  2 giant cockroaches
  A goblin (D:4)
  2 hobgoblins
  A kobold (D:2)
  A quokka (D:1)
  A ball python (D:3)
14 creatures vanquished.

Vanquished Creatures (others)
  38 foxfires
  3 fungi (D:2)
  4 plants (D:2)
45 creatures vanquished.

Grand Total: 59 creatures vanquished

Notes
Turn   | Place    | Note
-------+----------+-------------------------------------------
     0 | D:1      | hawla the Meteoran Fire Elementalist began the quest for
                  | the Orb.
     0 | D:1      | Reached XP level 1. HP: 14/14 MP: 5/5
    48 | D:1      | Reached XP level 2. HP: 12/20 MP: 2/6
    51 | D:1      | Learned a level 2 spell: Scorch
   180 | D:2      | Found a faded altar of an unknown god.
   264 | D:2      | Reached XP level 3. HP: 26/26 MP: 5/8
   401 | D:4      | Found a staircase to the Ecumenical Temple.
   410 | D:4      | Noticed a scorpion
   412 | Temple   | Entered the Ecumenical Temple
   460 | D:4      | Noticed a scorpion
   469 | Temple   | Killed a scorpion
   470 | Temple   | Reached XP level 4. HP: 25/33 MP: 0/11
   470 | Temple   | Reached XP level 5. HP: 29/38 MP: 0/12
   566 | Temple   | Learned a level 4 spell: Flame Wave
   577 | Temple   | Slain by an iguana

Illustrated notes

Levels and vault maps discovered:
D:1:      minmay_arrival_pointy, layout_rooms
D:2:      layout_basic, dreamdust_ecumenical_altar_hidden_monk_grotto
D:3:      layout_basic, mainiacjoe_overflow_paths, nicolae_ru_awakened_eye,
          nemelex_dance_club_becter, zin_academy
D:4:      layout_basic, minmay_temple_entry_slanted, uniq_edmund
Temple:   nicolae_temple_god_jail

Skill      XL: |  1  2  3 |
---------------+----------+-----
Fire Magic     | 4 |  4.8
Spellcasting   | 3 4 |  4.0
Dodging        | 3 |  3.0
Stealth        | |  1.4
Conjurations   | |  1.6

Action                   |  1- 3 |  4- 6 || total
-------------------------+-------+-------++-------
Melee: Unarmed           |     5 |       ||     5
 Cast: Foxfire           |    22 |     1 ||    23
       Scorch            |     9 |     3 ||    12
  Use: Scroll            |     5 |       ||     5
       Potion            |       |     2 ||     2
Armor: Robe              |     2 |     3 ||     5
       Skin              |       |     1 ||     1
Dodge: Dodged            |     7 |     7 ||    14
